Map: Roskalian ER

Players

Kukas

  • Race: Protoss Protoss
  • League: Silver
  • Spawn Location: 11:00

Legol

  • Race: Protoss Protoss
  • Spawn Location: 12:00

DrunkNmaster

  • Race: Terran Terran
  • League: Platinum
  • Spawn Location: 6:00

YouMongrels

  • Race: Protoss Protoss
  • Spawn Location: 5:00

VOD

Have the link to the VOD?

Description

Time

  • Played on: Dec. 26, 2019, 12:30 p.m.
  • Length: 4:26
Show
View Real Time Build Order
Export as new Build Order

Kukas Protoss 

Build Orders:  

Get SALT Encoding   

  12  0:02  Probe  
  13  0:14  Probe  
  14  0:18  Pylon  
  14  0:26  Probe  
  15  0:39  Gateway  
  15  0:40  Probe  
  16  0:52  Probe  
  16  0:54  Assimilator  
  17  1:04  Probe  
  17  1:08  Pylon  
  18  1:19  Probe  
  19  1:27  Cybernetics Core  
  19  1:29  Zealot  
  19  1:31  Probe  
  22  1:34  Assimilator  
  22  1:43  Probe  
  23  1:55  Probe  
  24  2:04  Gateway  
  24  2:05  Gateway  
  24  2:09  Probe  
  24  2:10  Warp Gate (Chrono Boost)  
  24  2:12  Stalker  
  27  2:28  Probe  
  28  2:43  Stalker  
  24  3:44  Probe  
  23  3:56  Probe  
  23  3:59  Forge  
  23  4:02  Pylon  
  24  4:06  Stalker x2  
  28  4:11  Pylon  
  28  4:23  Twilight Council  
Show
View Real Time Build Order
Export as new Build Order

Legol Protoss 

Build Orders:  

Get SALT Encoding   

  12  0:01  Probe  
  13  0:13  Probe  
  14  0:19  Pylon  
  14  0:25  Probe  
  15  0:38  Gateway  
  15  0:39  Probe (Chrono Boost)  
  17  0:51  Probe (Chrono Boost)  
  17  1:01  Assimilator  
  17  1:03  Probe (Chrono Boost), Assimilator  
  18  1:14  Probe (Chrono Boost)  
  19  1:19  Probe (Chrono Boost)  
  16  2:37  Zealot (Chrono Boost)  
  18  3:10  Zealot  
Show
View Real Time Build Order
Export as new Build Order

DrunkNmaster Terran 

Build Orders:  

Get SALT Encoding   

  12  0:03  SCV  
  13  0:22  Supply Depot  
  13  0:24  SCV  
  13  0:27  Refinery  
  14  0:36  SCV  
  15  0:56  Barracks  
  15  0:59  Barracks  
  15  1:02  SCV  
  16  1:13  Refinery  
  16  1:15  SCV  
  17  1:27  SCV  
  18  1:42  Orbital Command  
  18  1:45  Reaper  
  19  1:48  Reaper  
  19  1:50  Supply Depot  
  20  2:11  SCV  
  21  2:16  Factory  
  21  2:23  SCV  
  21  2:25  Reaper  
  21  2:28  Reaper  
  24  2:40  Supply Depot  
  24  2:45  Barracks  
  24  3:08  Reaper x2  
  25  3:31  SCV  
  26  3:36  Starport  
  26  3:40  Reaper  
  26  3:43  SCV  
  26  4:01  SCV  
  26  4:02  Factory Reactor  
  27  4:08  Engineering Bay x2, Marine  
  27  4:09  Command Center  
  28  4:13  SCV  
Show
View Real Time Build Order
Export as new Build Order

YouMongrels Protoss 

Build Orders: Cannon Rush 

Get SALT Encoding   

  12  0:00  Probe  
  13  0:13  Probe  
  14  0:18  Pylon  
  14  0:25  Probe  
  15  0:37  Probe  
  15  0:40  Forge  
  16  0:49  Probe  
  17  1:01  Probe  
  18  1:09  Pylon  
  18  1:15  Pylon  
  18  1:27  Photon Cannon  
  18  1:30  Photon Cannon  
  18  1:33  Photon Cannon  
  18  1:40  Pylon  
  18  1:47  Photon Cannon  
  18  1:52  Photon Cannon  
  18  2:04  Photon Cannon  
  18  2:13  Photon Cannon  
  18  2:22  Photon Cannon  
  18  2:31  Photon Cannon  
  18  2:35  Photon Cannon  
  18  2:42  Pylon  
  18  2:49  Photon Cannon  
  18  2:59  Pylon  
  18  3:10  Photon Cannon  
  18  3:19  Photon Cannon  
  18  3:27  Photon Cannon  
  18  3:37  Photon Cannon  
  18  3:46  Photon Cannon  
  18  3:52  Photon Cannon  
  18  3:57  Probe  
  18  4:01  Assimilator  
  19  4:05  Gateway  
  19  4:18  Pylon  
Tags
 
Add a new tag
Caveats
  • Supply blocks, unpowered buildings, or Contaminate may cause inaccurate times.
  • Supply counts are checked every 10 seconds.